 Dungeon Crawl Stone Soup version 0.20-a0-309-gcba9277 (webtiles) character file.

89 Havercy the Poker (level 4, 0/34 HPs)
             Began as a Demonspawn Gladiator on Dec 19, 2016.
             Slain by Grinder (6 damage)
             ... while paralysed by Grinder
             ... on level 3 of the Dungeon.
             The game lasted 00:01:46 (2522 turns).

Havercy the Poker (Demonspawn Gladiator)            Turns: 2522, Time: 00:01:47

Health: 0/34       AC:  4    Str: 16    XL:     4   Next: 31%
Magic:  4/4        EV:  2    Int: 14    God:
Gold:   83         SH:  0    Dex: 14    Spells: 3/3 levels left

rFire  . . .     SeeInvis +     a - +0 trident
rCold  . . .     Gourm    .     i - +0 leather armour {MR+}
rNeg   . . .     Faith    .     (no shield)
rPois  .         Spirit   .     c - +0 helmet
rElec  .         Reflect  .     (no cloak)
rCorr  .         Harm     .     (no gloves)
MR     +....                    (no boots)
Stlth  ++........               (no amulet)
                                (no ring)
                                n - ring of see invisible

@: paralysed, brilliant
A: nightstalker 1
a: no special abilities


You were on level 3 of the Dungeon.
You were not hungry.

You visited 1 branch of the dungeon, and saw 3 of its levels.

You collected 83 gold pieces.

Inventory:

Hand Weapons
 a - a +0 trident (weapon)
Missiles
 d - 3 throwing nets (quivered)
Armour
 b - a +0 leather armour
 c - a +0 helmet (worn)
 i - a +0 leather armour of magic resistance (worn)
Jewellery
 n - a ring of see invisible (left hand)
Scrolls
 e - 3 scrolls of identify {unknown}
 h - a scroll of immolation {unknown}
 k - a scroll of blinking {unknown}
Potions
 l - a potion of curing {unknown}
 m - 2 potions of lignification {unknown}
Comestibles
 f - 3 bread rations


   Skills:
 + Level 2.4 Fighting
 * Level 3.9 Polearms
 - Level 1.8 Throwing
 + Level 1.0 Armour
 + Level 3.1 Dodging


You had 3 spell levels left.
You didn't know any spells.

Dungeon Overview and Level Annotations

Branches:
Dungeon (3/15)

Altars:

Annotations:
D:3 Grinder


Innate Abilities, Weirdness & Mutations

You are slightly more attuned to the shadows.


Message History

Grinder moves out of view.
A kobold comes into view.
There are monsters nearby!
Grinder blinks!
There are monsters nearby!
You strike the helpless kobold from behind!
You hit the kobold but do no damage. The kobold closely misses you.
There are monsters nearby!
You barely miss Grinder. Grinder hits you!
You writhe in agony.
The kobold hits you but does no damage.
Unknown command.
It was a potion of brilliance.
You feel clever all of a sudden. Grinder gestures at you.
You suddenly lose the ability to move!
The kobold hits you. Grinder hits you. The kobold hits you. Grinder hits you.
* * * LOW HITPOINT WARNING * * *
You writhe in agony.
You die...

#.# #.# ##'## .
##...## ##.#######
##.....## #g....!..
##.......##
#..#...##.#.........#
#..K......+.........#
#...@5....#......†..#
#####.######.......##
#.# ##.....## #.#
##...## #####.#####
##'## #.........# #.#
#†###.###.#####.#####
#†# #.# #.##........#
#.# #.###.##.#...####


You could see Grinder, a goblin (wandering) and a kobold.

Vanquished Creatures
  An adder (D:3)
  4 worms
  2 dart slugs
  2 leopard geckos
  3 orcs (D:3)
  7 giant cockroaches
  6 goblins
  8 hobgoblins
  4 jackals
  2 kobolds (D:2)
  2 quokkas (D:2)
  6 bats
  3 frilled lizards (D:1)
  5 rats
55 creatures vanquished.

Notes
Turn   | Place    | Note
-------+----------+-------------------------------------------
     0 | D:1      | Havercy the Demonspawn Gladiator began the quest for the Orb.
     0 | D:1      | Reached XP level 1. HP: 16/16 MP: 1/1
   281 | D:1      | Gained mutation: You are slightly more attuned to the shadows. [demonic ancestry]
   281 | D:1      | Reached XP level 2. HP: 14/22 MP: 2/2
  1140 | D:2      | Reached XP level 3. HP: 18/27 MP: 3/3
  1717 | D:2      | Found a faded altar of an unknown god.
  2225 | D:3      | Reached XP level 4. HP: 26/34 MP: 4/4
  2500 | D:3      | Reached skill level 1 in Armour
  2515 | D:3      | Noticed Grinder
  2520 | D:3      | Paralysed by Grinder for 6 turns
  2522 | D:3      | Slain by Grinder

Vault maps used:
D:1:      dpeg_arrival_boxes_within_box
D:2:      wad_crossroads, chequers_ecumenical_altar_island,
          kennysheep_generic_room_6
D:3:      lemuel_castle_with_subvaults, lemuel_doored_altar, tgw_trog,
          first_bread, uniq_grinder

Skill      XL: |  1  2  3  4 |
---------------+-------------+-----
Dodging        | 3 |  3.1
Polearms       | 3 |  3.9
Armour         | 1 |  1.0
Fighting       | |  2.4
Throwing       | |  1.8

Action                   |  1- 3 |  4- 6 || total
-------------------------+-------+-------++-------
Melee: Trident           |   150 |    33 ||   183
  Use: Potion            |       |     1 ||     1
 Stab: Sleeping          |     8 |     5 ||    13
       Distracted        |     1 |     1 ||     2
  Eat: Chunk             |     2 |     2 ||     4
       Beef jerky        |     1 |       ||     1
Armor: Leather armour    |    32 |     4 ||    36
Dodge: Dodged            |    72 |    11 ||    83
